 Dungeon Crawl Stone Soup version 0.32-a0-391-gce5c0aab1b (webtiles) character file.

Game seed: 11280793396064108716

21740 CougarLife the Geomancer (level 12, -1/59 HPs)
             Began as a Gargoyle Earth Elementalist on Feb 20, 2024.
             Was an Elder of Vehumet.
             Slain by a wolf (5 damage)
             ... on level 2 of the Lair of Beasts.
             The game lasted 00:22:51 (14290 turns).

CougarLife the Geomancer (GrEE)                    Turns: 14290, Time: 00:22:51

Health: -1/59      AC: 19    Str: 13    XL:     12   Next: 93%
Magic:  18/27      EV: 11    Int: 26    God:    Vehumet [****..]
Gold:   708        SH:  0    Dex: 10    Spells: 30/34 levels left

rFire   . . .        (no weapon)
rCold   . . .        (no shield)
rNeg    + . .        o - +1 robe "Zyzxi" {Will+}
rPois   ∞            v - +0 helmet
rElec   +            A - +0 cloak
rCorr   .            E - +0 pair of gloves
SInv    .            i - +0 pair of boots
Will    +....        F - amulet of magic regeneration
Stlth   ++           H - +4 ring of protection
HPRegen 0.29/turn    p - +6 ring of intelligence
MPRegen 0.60/turn

%: no passive effects
@: no status effects
A: sickness immunity, AC +8, negative energy resistance 1, electricity
resistance, torment resistance 1, petrification resistance
a: Renounce Religion


You were on level 2 of the Lair of Beasts.
You worshipped Vehumet.
Vehumet was greatly pleased with you.
You visited 3 branches of the dungeon, and saw 14 of its levels.

You collected 810 gold pieces.
You spent 102 gold pieces at shops.

Inventory:

Hand Weapons
 L - a +2 dagger of venom
Armour
 i - a +0 pair of boots (worn)
 o - the +1 robe "Zyzxi" (worn) {Will+}
   (You bought it in a shop on level 3 of the Dungeon)

   Will+:     It increases your willpower.
 v - a +0 helmet (worn)
 A - a +0 cloak (worn)
 E - a +0 pair of gloves (worn)
Jewellery
 k - a ring of positive energy
 p - a +6 ring of intelligence (right hand)
 w - a ring of ice
 F - an amulet of magic regeneration (around neck)
 G - a ring of resist corrosion
 H - a +4 ring of protection (left hand)
Wands
 g - a wand of quicksilver (8)
 t - a wand of roots (10)
 y - a wand of polymorph (10)
 D - a wand of paralysis (7)
 I - a wand of flame (6)
 J - a wand of mindburst (11)
Scrolls
 e - 4 scrolls of vulnerability {unknown}
 f - a scroll of amnesia {unknown}
 h - 6 scrolls of teleportation {unknown}
 j - 8 scrolls of identify {unknown}
 l - 3 scrolls of revelation {unknown}
 m - 3 scrolls of enchant armour {unknown}
 r - 2 scrolls of enchant weapon {unknown}
 s - 3 scrolls of noise {unknown}
 B - 2 scrolls of blinking {unknown}
 C - a scroll of poison {unknown}
 M - a scroll of immolation {unknown}
 O - a scroll of torment {unknown}
Potions
 a - 4 potions of attraction {unknown}
 b - a potion of magic
 c - 3 potions of might {unknown}
 d - 3 potions of mutation {unknown}
 n - a potion of lignification {unknown}
 q - 2 potions of enlightenment {unknown}
 u - 2 potions of heal wounds {unknown}
 x - a potion of berserk rage {unknown}
 z - 6 potions of curing {unknown}
 K - a potion of resistance {unknown}
 N - a potion of ambrosia {unknown}


   Skills:
 - Level 1.5 Dodging
 - Level 2.1 Stealth
 + Level 11.6 Spellcasting
 + Level 13.3 Conjurations
 + Level 14.9 Earth Magic


You had 30 spell levels left.
You knew the following spells:

 Your Spells              Type           Power      Damage    Failure   Level
a - Sandblast             Erth           100%       2d20      0%          1
b - Stone Arrow           Conj/Erth      100%       3d13      1%          3

Your spell library contained the following spells:

 Spells                   Type           Power      Damage    Failure   Level
 Dazzling Flash           Conj/Hex       98%        N/A       1%          3
 Magic Dart               Conj           100%       1d8       0%          1
 Freeze                   Ice            60%        1d7       1%          1
 Kiss of Death            Conj/Necr      100%       2d13      1%          1
 Passwall                 Erth           75%        N/A       1%          3
 Brom's Barrelling Bould  Conj/Erth      73%        2d9       1%          4
 Petrify                  Alch/Erth      52%        N/A       1%          4
 Apportation              Tloc           30%        N/A       4%          1
 Blink                    Tloc           30%        N/A       6%          2
 Call Imp                 Summ           30%        N/A       6%          2
 Jinxbite                 Hex            30%        N/A       6%          2
 Ignite Poison            Fire/Alch      15%        N/A       11%         4
 Sticky Flame             Fire/Alch      15%        2d5       11%         4
 Call Canine Familiar     Summ           15%        N/A       12%         3
 Confusing Touch          Hex            15%        N/A       12%         3
 Gell's Gravitas          Tloc           15%        N/A       12%         3
 Sigil of Binding         Hex            15%        N/A       12%         3
 Teleport Other           Tloc           15%        N/A       12%         3
 Tukima's Dance           Hex            15%        N/A       12%         3
 Yara's Violent Unravell  Hex/Alch       7%         3d5       28%         5
 Dimensional Bullseye     Hex/Tloc       7%         N/A       36%         4
 Dispel Undead            Necr           15%        3d10      36%         4
 Passage of Golubria      Tloc           15%        N/A       36%         4
 Alistair's Intoxication  Alch           10%        N/A       73%         5
 Summon Forest            Summ/Tloc      7%         N/A       73%         5
 Summon Mana Viper        Hex/Summ       15%        N/A       73%         5
 Death Channel            Necr           7%         N/A       99%         6
 Dispersal                Tloc           7%         N/A       99%         6
 Sculpt Simulacrum        Ice/Alch       7%         N/A       99%         6
 Summon Cactus Giant      Summ           7%         N/A       99%         6
 Malign Gateway           Summ/Tloc      7%         N/A       100%        7
 Ignition                 Fire           7%         3d5       100%        8
 Summon Horrible Things   Summ           7%         N/A       100%        8


Dungeon Overview and Level Annotations

Branches:
Dungeon (11/15)            Temple (1/1) D:4            Lair (2/5) D:10
  Snake (0/4) Lair:2
  Swamp: Lair:2-3    Shoals: Lair:2-3       Orc: D:9-12

Altars:
Ashenzari
Cheibriados
Dithmenos
Elyvilon
Fedhas
Hepliaklqana
Kikubaaqudgha
Makhleb
Nemelex Xobeh
Okawaru
Qazlal
Ru
Sif Muna
Trog
Uskayaw
Vehumet
Wu Jian
Xom
Yredelemnul
Zin
The Shining One

Shops:
D:3 *

Annotations:
D:10 1 exclusion, Gastronok


Innate Abilities, Weirdness & Mutations

You are immune to sickness and miasma.
Your stone body is resilient. (AC +8)
You are immune to poison.
You resist negative energy. (rN+)
You are resistant to electric shocks. (rElec)
You are resistant to unholy torment.
You are immune to petrification.


Message History

The wolf bites you but does no damage. The wolf closely misses you.
Casting: Sandblast (safe; 0% risk of failure)
Confirm with . or Enter, or press ? or * to list all spells.
Aiming: Sandblast (safe; 0% risk of failure)
Press: ? - help, Shift-Dir - straight line, f/p - wolf
Aim: a wolf (76% to hit)
The blast of sand hits the wolf!!
You kill the wolf!
Vehumet accepts your kill.
You feel your power returning. The wolf misses you.
The wolf barely misses you. x2
The wolf bites you but does no damage. The wolf bites you.
Casting: Sandblast (safe; 0% risk of failure)
Confirm with . or Enter, or press ? or * to list all spells.
Aiming: Sandblast (safe; 0% risk of failure)
Press: ? - help, Shift-Dir - straight line The wolf closely misses you.
The wolf bites you but does no damage. x2
The wolf closely misses you. The wolf barely misses you.
Unknown command.
Casting: Sandblast (safe; 0% risk of failure)
Confirm with . or Enter, or press ? or * to list all spells.
Aiming: Sandblast (safe; 0% risk of failure)
Press: ? - help, Shift-Dir - straight line, f - wolf
Aim: a wolf (76% to hit)
The blast of sand hits the wolf.
The wolf is lightly wounded.
The wolf bites you. The wolf closely misses you. The wolf bites you!
* * * LOW HITPOINT WARNING * * *
The wolf bites you.
* * * LOW HITPOINT WARNING * * *
The wolf bites you.
* * * LOW HITPOINT WARNING * * *
Casting: Sandblast (safe; 0% risk of failure)
Confirm with . or Enter, or press ? or * to list all spells.
Aiming: Sandblast (safe; 0% risk of failure)
Press: ? - help, Shift-Dir - straight line, f/p - wolf
Aim: a wolf (lightly wounded, 76% to hit)
The blast of sand hits the wolf.
The wolf is moderately wounded.
The wolf bites you.
You die...

P....... ....... .
...... #. ......#.....
.#<.. .
#..........###.... #.
.................. #.
#.....#...........
#..#...+##...........
##..#h#.#.#.#.#..##..P
#...†@h.........#.....
#...#!#.#.#.#.#.......
##..............#.....
#..#.#.#.#.#.#.#.....
#..............P..P##
#..#.#>#.#.#.#.......
##....................
#...#.#.#.#.#.#.......
##................###.


You could see 2 wolves.

Vanquished Creatures
  A catoblepas (Lair:2)
  A boulder beetle (D:11)
  3 two-headed ogres
  Erica (D:8)
  Pikel (D:6)
  2 manticores (D:11)
  4 molten gargoyles (D:10)
  2 black mambas (Lair:2)
  2 torpor snails
  A gargoyle (D:9)
  4 cane toads
  A kobold demonologist (D:9)
  4 komodo dragons
  A polar bear (Lair:2)
  Prince Ribbit (D:6)
  A troll (D:11)
  Grinder (D:3)
  3 blink frogs (Lair:1)
  24 yaks
  A vampire (D:10)
  3 basilisks
  A steam dragon (D:7)
  3 vampire mosquitoes (D:11)
  2 nagas (Lair:2)
  3 water moccasins
  4 orc warriors
  2 ice beasts
  3 black bears
  A sky beast (D:8)
  2 ogres
  4 wolves (Lair:2)
  4 centaurs
  3 phantoms
  3 lemures (D:6)
  2 kobold brigands
  6 bullfrogs
  2 gnoll sergeants
  3 scorpions
  15 killer bees
  2 electric eels
  7 howler monkeys
  A lava snake (D:10)
  A centaur zombie (D:9)
  4 jellies
  A bombardier beetle (D:5)
  A gnoll bouda (D:7)
  3 hounds (D:5)
  8 orc priests
  Crazy Yiuf (D:6)
  3 centaur skeletons (D:9)
  2 sleepcaps
  5 iguanas
  9 orc wizards
  19 gnolls
  13 adders
  2 shadow imps
  2 white imps
  A howler monkey simulacrum (D:9)
  2 dart slugs
  41 orcs
  8 ball pythons
  9 endoplasms
  2 giant cockroaches
  8 hobgoblins
  10 jackals
  7 bats
  3 frilled lizards
  9 goblins
  13 kobolds
  6 rats
  A butterfly (Lair:2)
329 creatures vanquished.

Notes
Turn   | Place    | Note
-------+----------+-------------------------------------------
     0 | D:1      | CougarLife the Gargoyle Earth Elementalist began the quest
                  | for the Orb.
     0 | D:1      | Reached XP level 1. HP: 10/10 MP: 3/3
   210 | D:1      | Reached XP level 2. HP: 15/15 MP: 3/5
   543 | D:1      | Reached skill level 4 in Earth Magic
   617 | D:1      | Reached XP level 3. HP: 19/19 MP: 4/6
   685 | D:1      | Found a faded altar of an unknown god.
  1312 | D:2      | Reached XP level 4. HP: 24/24 MP: 5/8
  1347 | D:2      | Learned a level 3 spell: Stone Arrow
  1629 | D:2      | Reached XP level 5. HP: 28/28 MP: 5/9
  1690 | D:2      | Found a basalt altar of Yredelemnul.
  2280 | D:3      | Noticed Grinder
  2287 | D:3      | Killed Grinder
  2288 | D:3      | Reached skill level 5 in Earth Magic
  2288 | D:3      | Reached XP level 6. HP: 32/32 MP: 3/11
  2402 | D:3      | You fall into a shaft and drop 2 floors!
  2402 | D:5      | Entered Level 5 of the Dungeon
  2621 | D:5      | Reached skill level 6 in Earth Magic
  2621 | D:5      | Reached XP level 7. HP: 36/36 MP: 9/13
  2804 | D:3      | Found a sacrificial altar of Ru.
  2925 | D:3      | Found an ornate altar of the Wu Jian Council.
  2973 | D:3      | Found an ancient bone altar of Kikubaaqudgha.
  2979 | D:3      | Found Qejobea's Assorted Antiques.
  2994 | D:3      | Bought an ichor-stained robe for 102 gold pieces
  2994 | D:3      | Identified the +1 robe "Zyzxi" {Will+} (You bought it in a
                  | shop on level 3 of the Dungeon)
  3860 | D:4      | Found a staircase to the Ecumenical Temple.
  3873 | Temple   | Entered the Ecumenical Temple
  3888 | Temple   | Became a worshipper of Vehumet
  4066 | D:4      | Reached skill level 5 in Conjurations
  4524 | D:4      | Found a glowing silver altar of Zin.
  4871 | D:5      | Reached skill level 5 in Spellcasting
  4871 | D:5      | Reached skill level 7 in Earth Magic
  4871 | D:5      | Reached XP level 8. HP: 41/41 MP: 13/15
  5276 | D:5      | Reached * piety under Vehumet
  5276 | D:5      | Offered knowledge of Foxfire by Vehumet.
  5890 | D:6      | Noticed Prince Ribbit
  5894 | D:6      | Killed Prince Ribbit
  5895 | D:6      | Reached skill level 8 in Earth Magic
  6077 | D:6      | Reached XP level 9. HP: 45/45 MP: 18/18
  6175 | D:6      | Found a runed translucent door.
  6176 | D:6      | Noticed Crazy Yiuf
  6480 | D:6      | Noticed Pikel
  6491 | D:6      | Killed Pikel
  6492 | D:6      | Reached skill level 9 in Earth Magic
  6746 | D:6      | Killed Crazy Yiuf
  7095 | D:7      | Reached ** piety under Vehumet
  7095 | D:7      | Offered knowledge of Static Discharge by Vehumet.
  7203 | D:7      | Found a stormy altar of Qazlal.
  7712 | D:7      | Reached skill level 10 in Earth Magic
  7879 | D:8      | Reached XP level 10. HP: 50/50 MP: 18/21
  8582 | D:8      | Noticed Erica
  8585 | D:8      | Killed Erica
  8675 | D:8      | Offered knowledge of Momentum Strike by Vehumet.
  8786 | D:9      | Noticed a two-headed ogre
  8791 | D:9      | Killed a two-headed ogre
  8792 | D:9      | Reached skill level 11 in Earth Magic
  8834 | D:9      | Found a bloodstained altar of Trog.
  8864 | D:9      | Reached *** piety under Vehumet
  8994 | D:9      | Reached skill level 10 in Conjurations
  9029 | D:9      | Noticed a kobold demonologist
  9033 | D:9      | Killed a kobold demonologist
  9081 | D:9      | Got the Tractate on the Bleak Charnel House
  9164 | D:9      | Reached XP level 11. HP: 22/54 MP: 24/24
  9166 | D:9      | Offered knowledge of Airstrike by Vehumet.
  9348 | D:9      | Reached skill level 12 in Earth Magic
  9638 | D:9      | Found a white marble altar of Elyvilon.
  9725 | D:10     | Entered Level 10 of the Dungeon
  9763 | D:10     | Found a staircase to the Lair.
  9856 | D:10     | Noticed a two-headed ogre
  9862 | D:10     | Killed a two-headed ogre
 10317 | D:10     | Reached **** piety under Vehumet
 10483 | D:10     | Found a hide-covered altar of Uskayaw.
 10517 | D:10     | Noticed Gastronok
 11098 | D:11     | Noticed a manticore
 11100 | D:11     | Killed a manticore
 11101 | D:11     | Reached skill level 10 in Spellcasting
 11152 | D:11     | Reached skill level 13 in Earth Magic
 11244 | D:11     | Found a sparkling altar of Nemelex Xobeh.
 11434 | D:11     | Noticed a boulder beetle
 11446 | D:11     | Offered knowledge of Dazzling Flash by Vehumet.
 11506 | D:11     | Killed a boulder beetle
 11588 | D:11     | Reached XP level 12. HP: 36/59 MP: 7/26
 11839 | D:11     | Noticed a two-headed ogre
 11846 | D:11     | Killed a two-headed ogre
 12313 | Lair:1   | Entered Level 1 of the Lair of Beasts
 12749 | Lair:1   | Reached skill level 14 in Earth Magic
 13596 | Lair:2   | Found a runed translucent door.
 13599 | Lair:2   | Found a runed translucent door.
 13613 | Lair:2   | Noticed a catoblepas
 13636 | Lair:2   | Killed a catoblepas
 13789 | Lair:2   | Found a staircase to the Snake Pit.
 14290 | Lair:2   | Slain by a wolf

Illustrated notes

Levels and vault maps discovered:
D:1:      tarquinn_simple_flora_water_f, layout_loops_corners,
          chequers_ecumenical_altar_twisty, amethyst_killhole
D:2:      layout_loops_ring, basic_altar, kennysheep_potato
D:3:      layout_basic, nicolae_ru_path_of_blood,
          chequers_temple_overflow_statue_of_worship, serial_shops,
          nicolae_shop_trees, uniq_grinder
D:4:      minmay_inner_zag, layout_basic, zin_scriptorium,
          minmay_temple_entry_junction, hangedman_decor_lopped
D:5:      minmay_angry_zag, layout_layer_cave, nrook_mini_backslash
D:6:      layout_loops_cross, uniq_crazy_yiuf_cottage, uniq_pikel,
          uniq_prince_ribbit1
D:7:      layout_basic, nicolae_qazlal_general_emergency, minmay_misc_feat_chi,
          chequers_serial_rivers_micro_d
D:8:      layout_loops_ring, nicolae_overflow_hidden_temple,
          nicolae_houndstooth_variations, uniq_erica
D:9:      layout_gridville, trog_three_pillars_becter,
          nicolae_elyvilon_temple_path, hangedman_weighted_door
D:10:     layout_roguey, mainiacjoe_overflow_alcove_1, minivault_8,
          uniq_gastronok
D:11:     layout_loops_ring, nemelex_spade_bored_becter
Temple:   hellmonk_temple_forest_ring
Lair:1:   layout_regular_city
Lair:2:   layout_chaotic_city, mainiacjoe_swamp_entry_angry_trees,
          guppyfry_snake_entry_garden, serial_bayou_lagoon_a, st_stairs_11,
          lemuel_fruit_fields

Skill      XL: |  1  2  3  4  5  6  7  8  9 10 11 12 |
---------------+-------------------------------------+-----
Earth Magic    | 4 5 6 7 8 10 11 13 14 | 14.9
Conjurations   | 2 3 4 5 7 8 10 11 13 | 13.3
Spellcasting   | 3 4 5 6 7 9 10 11 | 11.6
Dodging        | |  1.5
Stealth        | |  2.1

Action                     |  1- 3 |  4- 6 |  7- 9 | 10-12 || total
---------------------------+-------+-------+-------+-------++-------
  Melee: Unarmed           |     2 |       |       |       ||     2
         Dagger            |       |     2 |     1 |    12 ||    15
   Cast: Sandblast         |    35 |    49 |   195 |   231 ||   510
         Stone Arrow       |       |       |     7 |   136 ||   143
 Armour: Robe              |     6 |     7 |    76 |   207 ||   296
  Dodge: Dodged            |    10 |    14 |    44 |   124 ||   192

Table legend: (Time is in decaauts)
 A = Elapsed time spent in this place.
 B = Non-inter-level travel time spent in this place.
 C = Inter-level travel time spent in this place.
 D = Time resting spent in this place.
 E = Time spent auto-exploring this place.
 F = Levels seen in this place.
 G = Mean time per level.
                   A        B        C        D        E       F      G
               +--------+--------+--------+--------+--------+-----+--------+
         Total |  14552 |  14053 |    499 |   2635 |   8886 |  14 | 1039.4 |
       Dungeon |  12498 |  12044 |    454 |   1824 |   8222 |  11 | 1136.2 |
        Temple |     29 |      2 |     27 |      0 |      0 |   1 |   29.0 |
          Lair |   2024 |   2007 |     17 |    811 |    664 |   2 | 1012.0 |
               +--------+--------+--------+--------+--------+-----+--------+

Top non-repeatable levels by time:
     D:5: 1465 daAuts
    D:10: 1328 daAuts
     D:1: 1295 daAuts
    D:11: 1293 daAuts
     D:7: 1088 daAuts
     D:6: 1087 daAuts
     D:4: 1063 daAuts
     D:3: 1046 daAuts
  Lair:1: 1024 daAuts
  Lair:2: 1000 daAuts
     D:9: 966 daAuts
     D:2: 934 daAuts
     D:8: 929 daAuts
  Temple: 29 daAuts
